[Event "*** Titled Tuesday Blitz"]
[Site "Chess.com"]
[Date "2020.11.10"]
[Round "7"]
[White "Ave_Mariia"]
[Black "Algeriano22"]
[Result "0-1"]
[WhiteElo "2525"]
[BlackElo "2702"]
[TimeControl "180+1"]
[EndTime "11:21:09 PST"]
[Termination "Algeriano22 won by resignation"]

1. d4 Nf6 2. c4 d6 3. Nf3 g6 4. Bf4 Bg7 5. Nc3 O-O 6. e3 c5 7. h3 Qb6 8. Qd2 Bf5 9. Be2 Ne4 10. Nxe4 Bxe4 11. Rd1 Nc6 12. O-O Bxf3 13. dxc5 Qxc5 14. Bxf3 Qxc4 15. Rc1 Qxa2 16. Bxc6 bxc6 17. Rxc6 Qxb2 18. Qa5 Bf6 19. Rfc1 a6 20. R1c2 Qb5 21. Qc7 a5 22.
Rb6 Qd5 23. Bh6 Rfe8 24. Rb7 a4 25. Ra7 Rxa7 0-1

[Event "*** Titled Tuesday Blitz"]
[Site "Chess.com"]
[Date "2020.11.10"]
[Round "7"]
[White "Margency"]
[Black "NateSolon"]
[Result "1-0"]
[WhiteElo "2695"]
[BlackElo "2476"]
[TimeControl "180+1"]
[EndTime "11:21:09 PST"]
[Termination "Margency won by resignation"]

1. e4 c5 2. Nf3 Nc6 3. d4 cxd4 4.
Nxd4 Nf6 5. Nc3 h5 6. Bc4 e6 7. Bb3 Bb4 8. Nxc6 bxc6 9. e5 Nd5 10. Bd2 Qc7 11. Qe2 a5 12. a3 Ba6 13. Qe4 Be7 14. h4 f5 15. exf6 gxf6 16. O-O-O O-O-O 17. Rh3 Rhg8 18. Nxd5 cxd5 19. Qa4 Rg4 20. f4 Rxg2 21. Bxa5 Qc6 22. Rc3 Bc4 23. Qxc6+ dxc6 24. Bxc4 1-0

[Event "*** Titled Tuesday Blitz"]
[Site "Chess.com"]
[Date "2020.11.10"]
[Round "7"]
[White "Slovak_fighter2000"]
[Black "Mambastik-Fantastic"]
[Result "1-0"]
[WhiteElo "2453"]
[BlackElo "2283"]
[TimeControl "180+1"]
[EndTime "11:21:11 PST"]
[Termination "Slovak_fighter2000 won by resignation"]

1. e4 c5 2. d4 cxd4 3. c3 d3 4. Bxd3 g6 5. Nf3 Bg7 6. c4 d6 7. O-O Nc6 8. Nc3 Nf6 9. Qe2 O-O 10. b3 Bg4 11. Qe3 Bxf3 12. Qxf3 Ne5 13. Qe2 Nfd7 14. Bb2 Nc5 15. Bc2 a5 16. f4 Nc6 17. Rad1 a4 18.
e5 a3 19. Ba1 Qb6 20. Nd5 Qa7 21. Kh1 Ne6 22. exd6 exd6 23. Bxg7 Kxg7 24. f5 Ned4 25.
f6+ Kh8 26. Qd2 Ne6 27. Qh6 Ne5 28. Ne7 Ng4 29. Qh4 Ne3 30. Rf3 h5 31. Rh3 Qc5 32. Rd5 Nxd5 33. Qxh5+ 1-0

[Event "*** Titled Tuesday Blitz"]
[Site "Chess.com"]
[Date "2020.11.10"]
[Round "7"]
[White "B-man"]
[Black "MasterKroket"]
[Result "1-0"]
[WhiteElo "2562"]
[BlackElo "2428"]
[TimeControl "180+1"]
[EndTime "11:21:12 PST"]
[Termination "B-man won by resignation"]

1. b3 e5 2. Bb2 Nc6 3. e3 Nf6 4.
Bb5 d6 5. Bxc6+ bxc6 6. Ne2 c5 7.
O-O Bb7 8. f4 exf4 9. Nxf4 Be7 10. Nc3 O-O 11. d3 Qd7 12. e4 Qg4 13. Qd2 Qh4 14.
Rf3 Bc8 15. Raf1 Bg4 16. Rg3 c6 17. Nd1 Kh8 18. Ne3 Bd7 19. Nf5 Bxf5 20. exf5 Rg8 21.
Rh3 Qg4 22. Rg3 Qxf5 23. Ng6+ Qxg6 24. Rxg6 hxg6 25. Qe3 Rge8 26. Qf3 Rac8 27. Re1 Kg8 28. a4 d5 29. Qh3 c4 30. Rxe7 Rxe7 31. Qxc8+ Re8 32. Qxc6 Re2 33. Bxf6 cxd3 34. cxd3 gxf6 1-0

[Event "*** Titled Tuesday Blitz"]
[Site "Chess.com"]
[Date "2020.11.10"]
[Round "7"]
[White "JozefKneht"]
[Black "Vamostodorecto"]
[Result "1/2-1/2"]
[WhiteElo "2506"]
[BlackElo "2374"]
[TimeControl "180+1"]
[EndTime "11:21:13 PST"]
[Termination "Game drawn by repetition"]

1. Nf3 d5 2. c4 Nf6 3. cxd5 Nxd5 4. Nc3 g6 5. g3 Bg7 6. Bg2 O-O 7. O-O Nb6 8. d3 Nc6 9. Be3 e5 10. Rc1 Kh8 11.
a3 f5 12. b4 f4 13. Bc5 Rg8 14. b5 Ne7 15. a4 Nf5 16. a5 Nd7 17. Bb4 g5 18.
Nd5 c6 19. bxc6 bxc6 20. Nc3 Rb8 21. Qa4 c5 22. Ba3 Bb7 23. Nxg5 Qxg5 24. Qxd7 Bxg2 25. Kxg2 fxg3 26. hxg3 Rb3 27. Bxc5 Rxc3 28. Rxc3 e4 29. dxe4 Nh4+ 30. Kh2 Bxc3 31. Bd4+ Bxd4 32. Qxd4+ Rg7 33. Rc1 Qxc1 34. Qd8+ Rg8 35. Qf6+ Rg7 36. Qf8+ Rg8 37. Qf6+ Rg7 38. Qf8+ Rg8 39. Qf6+ 1/2-1/2

[Event "*** Titled Tuesday Blitz"]
[Site "Chess.com"]
[Date "2020.11.10"]
[Round "7"]
[White "JoachimMouhamad"]
[Black "ajedrezhoy"]
[Result "1-0"]
[WhiteElo "2351"]
[BlackElo "2220"]
[TimeControl "180+1"]
[EndTime "11:21:16 PST"]
[Termination "JoachimMouhamad won by checkmate"]

1. e4 Nf6 2. e5 Nd5 3. d4 d6 4. Nf3 dxe5 5. Nxe5 g6 6. Bc4 c6 7. O-O Bg7 8. Nd2 O-O 9. Ndf3 Nd7 10. Nxd7 Bxd7 11.
h3 Bf5 12. Bb3 a5 13. c3 a4 14. Bc2 a3 15. Bxf5 axb2 16. Bxb2 gxf5 17. Re1 e6 18. a4 Nb6 19. Ba3 Re8 20. Bc5 Nc4 21. Qb3 Na5 22.
Qc2 Qd5 23. Rab1 Reb8 24. Qd2 Nc4 25. Qg5 h6 26. Qh4 Rxa4 27. Be7 b5 28. Bf6 Kf8 29. Bxg7+ Kxg7 30. Qg3+ Kh7 31. Qxb8 Ra2 32. Qf8 Qd7 33. Ra1 Rc2 34. Ra8 Rxc3 35. Qg8# 1-0

[Event "*** Titled Tuesday Blitz"]
[Site "Chess.com"]
[Date "2020.11.10"]
[Round "7"]
[White "Semen_Khanin"]
[Black "SantoBlue"]
[Result "0-1"]
[WhiteElo "2785"]
[BlackElo "2921"]
[TimeControl "180+1"]
[EndTime "11:21:19 PST"]
[Termination "SantoBlue won by resignation"]

1. e4 c5 2. Nf3 Nc6 3. d4 cxd4 4. Nxd4 Nf6 5. Nc3 d6 6. Bg5 e6 7. Qd2 a6 8. O-O-O h6 9. Bh4 Nxe4 10. Nxe4 Qxh4 11.
Nxc6 Qxe4 12. Nd4 Be7 13. Bd3 Qxg2 14. Kb1 Qd5 15. Qe3 Qe5 16. Qf3 Qf6 17. Qg3 e5 18.
Ne2 Be6 19. Nc3 d5 20. f4 e4 21. Be2 Rd8 22. f5 Qxf5 23. Qxg7 Bf6 24. Qg3 Be5 25. Qh4 Bxc3 26. bxc3 Qe5 27. Rd4 Rc8 28. Kb2 Qc7 29.
Qe1 Rg8 30. h3 Rg2 31. Bg4 Rg3 32. c4 Qb6+ 33. Kc1 Qxd4 34. Qxg3 Qa1+ 35. Kd2 Qxh1 36.
Bxe6 fxe6 37. Qd6 Qg2+ 38. Ke3 Qg5+ 39. Kd4 Qd2+ 40. Ke5 Qh2+ 0-1

[Event "*** Titled Tuesday Blitz"]
[Site "Chess.com"]
[Date "2020.11.10"]
[Round "7"]
[White "Mikasinski"]
[Black "A-S-00"]
[Result "1-0"]
[WhiteElo "2482"]
[BlackElo "2345"]
[TimeControl "180+1"]
[EndTime "11:21:20 PST"]
[Termination "Mikasinski won by resignation"]

1. e4 c5 2. Nf3 d6 3. d4 cxd4 4. Nxd4 Nf6 5. Nc3 g6 6. Be3 Bg7 7. f3 O-O 8. Qd2 d5 9. e5 Ne8 10. f4 Nc6 11. O-O-O Nc7 12. Nb3 e6 13. h4 h5 14. g4 hxg4 15. h5 Ne7 16. h6 Bh8 17. h7+ Kg7 18. f5 f6 19. Bh6+ Kf7 20. Bxf8 Qxf8 21.
fxg6+ Nxg6 22. exf6 Bxf6 23. Bd3 Nh8 24. Rdf1 Ke7 25.
Rh6 Ne8 26. Qe3 Qg7 27. Nxd5+ Kd8 28. Nxf6 1-0

[Event "*** Titled Tuesday Blitz"]
[Site "Chess.com"]
[Date "2020.11.10"]
[Round "7"]
[White "chito89"]
[Black "Fortitudine"]
[Result "1-0"]
[WhiteElo "2831"]
[BlackElo "2309"]
[TimeControl "180+1"]
[EndTime "11:21:21 PST"]
[Termination "chito89 won by resignation"]

1. e4 c5 2. Nf3 d6 3. d4 cxd4 4. Nxd4 Nf6 5. Nc3 Nc6 6. Bg5 Bd7 7. Qd2 Rc8 8. O-O-O Nxd4 9. Qxd4 Qa5 10. Bxf6 gxf6 11. Kb1 Qc5 12. Qd2 f5 13. exf5 Bg7 14. f6 Bxf6 15.
Ne4 Qe5 16. Nxf6+ Qxf6 17. Bd3 O-O 18. f4 Bf5 19. Bxf5 Qxf5 20. Rhe1 e6 21. g4 Qc5 22. f5 Kh8 23. fxe6 fxe6 24. Rxe6 Rf2 25. Re2 Rcf8 26. c3 Rxe2 27. Qxe2 Qg5 28. Rxd6 Qf4 29. Rd7 Qf1+ 30.
Qxf1 Rxf1+ 31. Kc2 Rg1 32. Rxb7 Rxg4 33. Rxa7 Rg2+ 34.
Kb3 Rxh2 35. a4 h5 36. a5 h4 37. a6 Rh1 38. Rb7 Ra1 39. a7 h3 40. Rb8+ Kg7 41. a8=Q Rxa8 42. Rxa8 h2 43. Ra1 1-0

[Event "*** Titled Tuesday Blitz"]
[Site "Chess.com"]
[Date "2020.11.10"]
[Round "7"]
[White "Michaelson_11"]
[Black "DarZay"]
[Result "0-1"]
[WhiteElo "2090"]
[BlackElo "2056"]
[TimeControl "180+1"]
[EndTime "11:21:25 PST"]
[Termination "DarZay won by resignation"]

1. e4 e5 2. Nf3 Nc6 3. Nc3 Nf6 4. Bb5 d6 5. d4 exd4 6. Nxd4 Bd7 7. Bxc6 bxc6 8. Qf3 Be7 9. e5 dxe5 10. Nxc6 Bg4 11. Qg3 Qd6 12. Nxe5 Bf5 13. O-O O-O 14. Qf4 Be6 15. Rd1 Qa6 16. Be3 Rad8 17. Qf3 Bd6 18. Nc6 Bg4 19. Nxd8 Bxf3 20. gxf3 Rxd8 21. Rd4 Qb6 22.
Na4 Qc6 23. Rad1 Qxf3 24. c4 Ng4 25. c5 Bxh2+ 26. Kf1 Nxe3+ 0-1

[Event "*** Titled Tuesday Blitz"]
[Site "Chess.com"]
[Date "2020.11.10"]
[Round "7"]
[White "Supernotar"]
[Black "Anna_ChessMate"]
[Result "1-0"]
[WhiteElo "2851"]
[BlackElo "2612"]
[TimeControl "180+1"]
[EndTime "11:21:26 PST"]
[Termination "Supernotar won by checkmate"]

1. d4 d5 2. c4 c6 3. e3 Nf6 4.
Bd3 Bg4 5. Qc2 e6 6. Nd2 Nbd7 7.
Ngf3 Bd6 8. O-O O-O 9. b3 Qe7 10. Bb2 Rac8 11. Ne5 Bh5 12. e4 dxe4 13. Nxe4 Nxe4 14.
Bxe4 Nf6 15. Bd3 Rfd8 16. Rfe1 Bg6 17. Nxg6 hxg6 18. g3 Bc7 19. Rad1 Bb6 20. Bf1 Rd7 21. Rd3 Rcd8 22. Red1 c5 23. Ba3 Nh5 24. Bg2 Qg5 25. dxc5 Rxd3 26. Rxd3 Rxd3 27. Qxd3 Bxc5 28. Bxc5 Qxc5 29.
Bxb7 Qb4 30. Bf3 Qe1+ 31. Kg2 Nf6 32. c5 Qc1 33. c6 Kh7 34. Qd6 g5 35. h3 a5 36. c7 Ne8 37. Be4+ Kg8 38. Qd8 Qxc7 39. Qxe8# 1-0

[Event "*** Titled Tuesday Blitz"]
[Site "Chess.com"]
[Date "2020.11.10"]
[Round "7"]
[White "IceBelka"]
[Black "enriquetejedor"]
[Result "1-0"]
[WhiteElo "2340"]
[BlackElo "2476"]
[TimeControl "180+1"]
[EndTime "11:21:26 PST"]
[Termination "IceBelka won by resignation"]

1. e4 g6 2. d4 Bg7 3. Nc3 c6 4. h3 d5 5. Nf3 dxe4 6. Nxe4 Nf6 7. Bd3 O-O 8. O-O Nxe4 9. Bxe4 Nd7 10. Re1 Nf6 11. Bd3 Qc7 12. c3 c5 13. Bg5 b6 14.
dxc5 Qxc5 15. Re5 Qc7 16. Qe2 e6 17. Bf4 Nd5 18. Rxd5 Qxf4 19. Rb5 Bb7 20. Rb4 Qc7 21. Be4 Rac8 22. Bxb7 Qxb7 23. Rd1 Rfd8 24. a4 Rxd1+ 25. Qxd1 Bf8 26. Rd4 Qc6 27. Ne5 Qe8 28. Rd7 f6 29.
Ng4 Be7 30. Qd4 Qf7 31. Nh6+ Kg7 32. Nxf7 Kxf7 33. Rxa7 Rc6 34. Qd7 1-0

[Event "*** Titled Tuesday Blitz"]
[Site "Chess.com"]
[Date "2020.11.10"]
[Round "7"]
[White "Azoulas1"]
[Black "MIJuanReyesRosa"]
[Result "1-0"]
[WhiteElo "2066"]
[BlackElo "2097"]
[TimeControl "180+1"]
[EndTime "11:21:27 PST"]
[Termination "Azoulas1 won on time"]

1. e4 c6 2. d4 d5 3. Nc3 g6 4. e5 Bg7 5. h4 f6 6. exf6 Nxf6 7.
h5 Bg4 8. f3 Be6 9. hxg6 hxg6 10. Rxh8+ Bxh8 11. Bd3 Kf7 12. Nge2 Nbd7 13. Nf4 Nf8 14.
Qe2 Qd7 15. Bd2 Bf5 16. O-O-O Bxd3 17. Qxd3 Qf5 18. Qe2 Ne6 19. Nxe6 Qxe6 20. Qf2 Bg7 21. Re1 Qf5 22. g4 Qd7 23. Ne2 Rh8 24. Nf4 Bh6 25.
Nd3 Bxd2+ 26. Qxd2 Qd6 27. Ne5+ Kg7 28. Qg5 Rh6 29. Qf4 c5 30. g5 1-0

[Event "*** Titled Tuesday Blitz"]
[Site "Chess.com"]
[Date "2020.11.10"]
[Round "7"]
[White "albi1999"]
[Black "PaulfromSPb"]
[Result "1-0"]
[WhiteElo "2559"]
[BlackElo "2691"]
[TimeControl "180+1"]
[EndTime "11:21:28 PST"]
[Termination "albi1999 won by resignation"]

1. d4 Nf6 2. c4 e6 3. Nf3 b6 4. g3 Ba6 5. b3 Bb4+ 6. Bd2 Be7 7.
Nc3 c6 8. e4 d5 9. exd5 exd5 10.
Bg2 dxc4 11. bxc4 Bxc4 12. Ne5 Bd5 13. Nxd5 Nxd5 14. O-O O-O 15. Qc2 Qd6 16. Rac1 Bf6 17.
Nxc6 Nxc6 18. Qxc6 Qxc6 19. Rxc6 Rad8 20. Be3 Rfe8 21. Bxd5 Rxd5 22. Rfc1 h5 23. R1c4 Red8 24. Rc7 R8d7 25. Kg2 Kf8 26. Kf3 Ke7 27. Rxd7+ Rxd7 28. Ke4 b5 29. Rc6 Rb7 30. d5 Kd7 31. Ra6 Ke8 32. Bxa7 Re7+ 33. Kd3 Re1 34. Be3 Kd7 35. Bc5 Rd1+ 36.
Ke4 Re1+ 37. Kf3 Rd1 38. Ra7+ Kc8 39. d6 Rd5 40. Bb4 Rf5+ 41. Ke2 Bd4 42. d7+ Kd8 43.
Ba5+ Ke7 44. d8=Q+ 1-0

[Event "*** Titled Tuesday Blitz"]
[Site "Chess.com"]
[Date "2020.11.10"]
[Round "7"]
[White "juli2512"]
[Black "JonahWillow"]
[Result "0-1"]
[WhiteElo "2101"]
[BlackElo "2606"]
[TimeControl "180+1"]
[EndTime "11:21:30 PST"]
[Termination "JonahWillow won by resignation"]

1. e4 c5 2. Nf3 Nc6 3. d3 g6 4. g3 Bg7 5. Bg2 Nf6 6. O-O O-O 7. Re1 d6 8. Nbd2 Rb8 9. Nf1 b5 10. a3 Bb7 11. c3 e5 12. b4 a6 13. Be3 Qe7 14.
Ng5 h6 15. Nh3 g5 16. f3 Rfd8 17. Nf2 Na7 18. Qe2 Nc8 19. h3 Nb6 20. Nh2 Na4 21. Qc2 Bc8 22. Rad1 Be6 23. f4 exf4 24. gxf4 gxf4 25.
Bxf4 Nh5 26. Bd2 Rbc8 27. Qc1 cxb4 28. Bxh6 Nxc3 29. Bxg7 Ne2+ 30. Rxe2 Rxc1 31. Rxc1 Kxg7 32. Nfg4 bxa3 33. Rf2 a2 34. Rcf1 b4 35. Nf3 b3 36.
Nd4 Ng3 37. Nxe6+ Qxe6 38. Rf6 Nxf1 39. Rxe6 fxe6 40. Bxf1 a1=Q 0-1

[Event "*** Titled Tuesday Blitz"]
[Site "Chess.com"]
[Date "2020.11.10"]
[Round "7"]
[White "BogdanDeac"]
[Black "Azerichess"]
[Result "0-1"]
[WhiteElo "2803"]
[BlackElo "2972"]
[TimeControl "180+1"]
[EndTime "11:21:33 PST"]
[Termination "Azerichess won on time"]

1. Nf3 d5 2. d4 Nf6 3. c4 c5 4. cxd5 cxd4 5. Qxd4 Qxd5 6. Nc3 Qxd4 7. Nxd4 Bd7 8. e4 Nc6 9. Nxc6 Bxc6 10. f3 e6 11. Be3 a6 12. Kf2 Nd7 13. Ne2 Bc5 14. Nd4 Rc8 15. Rc1 Ke7 16. Be2 Bxd4 17. Bxd4 e5 18. Be3 Bb5 19. Bxb5 axb5 20. Rhd1 Rc6 21. Bd2 Rhc8 22.
Bb4+ Ke8 23. Rc3 Rxc3 24. Bxc3 f6 25. Ke2 Nb6 26. Rd3 Na4 27. Kd2 b4 28. Bxb4 Nxb2 29. Rb3 Nc4+ 30. Kd3 Kd7 31. Bc3 Rc7 32. Rb4 Nd6 33. a4 Kc6 34. Bd2 Rd7 35. Kc3 b5 36.
Be3 h5 37. Bf2 Rd8 0-1

[Event "*** Titled Tuesday Blitz"]
[Site "Chess.com"]
[Date "2020.11.10"]
[Round "7"]
[White "exoticprincess"]
[Black "TorFredrikKaasen"]
[Result "1-0"]
[WhiteElo "2883"]
[BlackElo "2737"]
[TimeControl "180+1"]
[EndTime "11:21:34 PST"]
[Termination "exoticprincess won on time"]

1. e4 c5 2. d4 cxd4 3. c3 Nf6 4.
e5 Nd5 5. Qxd4 e6 6. Nf3 Nc6 7. Qe4 d6 8. exd6 Bxd6 9. Bd3 f5 10. Qe2 O-O 11. O-O Kh8 12. Rd1 Qf6 13. g3 e5 14.
Nbd2 e4 15. Nxe4 fxe4 16. Qxe4 g6 17. Qxd5 Qxf3 18. Qxf3 Rxf3 19. Be2 Rf6 20. Bg5 Be7 21. Bxf6+ Bxf6 22. Bf3 Kg7 23. Bxc6 bxc6 24. Rd6 c5 25. Rc6 Bh3 26. Rxc5 a5 27. a4 h5 28. Re1 Rd8 29.
Rxa5 Rd2 30. Rb5 Bd7 31. Rb7 Kh6 32. a5 Bd8 33. a6 Bc6 34. Rb8 Bc7 35. a7 1-0

[Event "*** Titled Tuesday Blitz"]
[Site "Chess.com"]
[Date "2020.11.10"]
[Round "7"]
[White "Buryshin_Vasyl"]
[Black "ZenBull"]
[Result "0-1"]
[WhiteElo "2220"]
[BlackElo "2117"]
[TimeControl "180+1"]
[EndTime "11:21:34 PST"]
[Termination "ZenBull won by resignation"]

1. b3 Nf6 2. Bb2 e6 3. e3 Be7 4.
f4 O-O 5. Nf3 b6 6. Bc4 Bb7 7. O-O d5 8. Be2 c5 9. d3 Nbd7 10. Nbd2 Qc7 11. Qe1 Ne8 12. Ne5 Bf6 13. Ndf3 g6 14. Rb1 Bg7 15. Ng5 Nxe5 16. Bxe5 Bxe5 17.
fxe5 Qxe5 18. Qh4 Qg7 19. Rf3 h6 20. Nh3 e5 21. Rbf1 Nd6 22. Qf6 Qxf6 23. Rxf6 Rad8 24. Nf2 Kg7 25. Nh3 Bc8 26. R6f2 Bxh3 27. gxh3 f5 28.
Bf3 e4 29. dxe4 Nxe4 30. Bxe4 dxe4 31. Re2 Rd6 32. Kf2 Rfd8 33. Rfe1 Rd2 34. Rxd2 Rxd2+ 35. Kf1 Rxc2 36. Re2 Rxe2 37. Kxe2 Kf6 38. Kd2 Ke5 39. Kc3 f4 40. Kd2 f3 41. Ke1 g5 42. Kf2 h5 43.
Ke1 g4 44. hxg4 hxg4 45. Kf2 b5 46. a3 c4 47. bxc4 bxc4 48. Ke1 c3 49. Kd1 f2 50. Kc2 f1=Q 51. Kxc3 Qd3+ 52. Kb4 Qxe3 53. Kc4 Qb6 54. Kc3 e3 55. Kd3 0-1

[Event "*** Titled Tuesday Blitz"]
[Site "Chess.com"]
[Date "2020.11.10"]
[Round "7"]
[White "Chernobay_Artem"]
[Black "Nuvas"]
[Result "1-0"]
[WhiteElo "2640"]
[BlackElo "2353"]
[TimeControl "180+1"]
[EndTime "11:21:36 PST"]
[Termination "Chernobay_Artem won by resignation"]

1. d4 d5 2. c4 c6 3. Nf3 Nf6 4. Nc3 e6 5. Bg5 dxc4 6. e4 b5 7. e5 h6 8. Bh4 g5 9. Nxg5 hxg5 10. Bxg5 Be7 11. exf6 Bxf6 12. Bxf6 Qxf6 13. g3 Bb7 14.
Bg2 Na6 15. Ne4 Qe7 16. O-O O-O-O 17. Qd2 c5 18. Qa5 Rxd4 19. Qxb5 Bxe4 20. Bxe4 Nb4 21. Rfe1 Qc7 22. Rac1 Qb6 23. Qa4 Nd3 24. Bxd3 Rxd3 25.
Qxc4 Rd5 26. b4 Qc6 27. bxc5 Rdh5 28. h4 Rd8 29. Qe4 Kc7 30. Qf4+ Kc8 31. Qxf7 1-0

[Event "*** Titled Tuesday Blitz"]
[Site "Chess.com"]
[Date "2020.11.10"]
[Round "7"]
[White "Iskusnyh"]
[Black "petrpalachev"]
[Result "0-1"]
[WhiteElo "2558"]
[BlackElo "2729"]
[TimeControl "180+1"]
[EndTime "11:21:37 PST"]
[Termination "petrpalachev won by resignation"]

1. d4 d5 2. c4 Nc6 3. Nc3 e6 4. Nf3 Nf6 5. Bg5 Bb4 6. e3 O-O 7. Be2 h6 8. Bh4 dxc4 9. Bxc4 b6 10. O-O Bb7 11. Qc2 Be7 12. Rad1 Nb4 13. Qb1 Nbd5 14. Ne5 Nxc3 15. bxc3 Ne4 16. Bxe7 Qxe7 17. Qc2 Rfd8 18. Bd3 Nd6 19. e4 c5 20. Qe2 Rac8 21. h3 cxd4 22. cxd4 Ne8 23. Bb1 Nf6 24. Qe3 Rc7 25. Rc1 Rdc8 26.
Rxc7 Qxc7 27. Rd1 Qc3 28. Qf4 Qb2 29. Nxf7 Kxf7 30. e5 Qe2 31. Rf1 Ba6 32. Rc1 Rxc1+ 33. Qxc1 Nd5 34. Bh7 Bd3 35. Bxd3 Qxd3 36. Qc6 Qb1+ 37.
Kh2 Qxa2 38. Qd7+ Ne7 39. f4 Qd5 40. Qxa7 Qxd4 41. g3 Qf2+ 42. Kh1 h5 43. f5 Qxf5 44. Qxb6 Qxh3+ 45. Kg1 Qxg3+ 46. Kh1 Qxe5 47. Qb7 Qd5+ 0-1

[Event "*** Titled Tuesday Blitz"]
[Site "Chess.com"]
[Date "2020.11.10"]
[Round "7"]
[White "biostatistician"]
[Black "Zarikovs1999"]
[Result "1-0"]
[WhiteElo "2524"]
[BlackElo "2376"]
[TimeControl "180+1"]
[EndTime "11:21:37 PST"]
[Termination "biostatistician won on time"]

1. d4 Nf6 2. Nf3 c5 3. d5 d6 4. c4 g6 5. Nc3 Bg7 6. e4 O-O 7.
h3 a6 8. a4 e6 9. Bd3 exd5 10.
cxd5 Re8 11. O-O b6 12. Re1 Nbd7 13. Bf4 Nf8 14. Nd2 Nh5 15. Bh2 Bb7 16. Nc4 Be5 17.
Bxe5 dxe5 18. Qb3 Nf4 19. Bf1 Qg5 20. g3 Bc8 21. h4 Qg4 22. Ne3 Qf3 23. gxf4 exf4 24.
Ng2 Re5 25. Ra3 Rh5 26. Ne2 Qg4 27. f3 Qd7 28. Nexf4 Rh6 29. e5 Qf5 30. e6 fxe6 31.
dxe6 c4 32. Bxc4 Qc5+ 33. Kf1 Qe7 34. Nd5 Qd6 35. e7 Bd7 36. Nc7+ Kh8 37. Qc3+ 1-0

[Event "*** Titled Tuesday Blitz"]
[Site "Chess.com"]
[Date "2020.11.10"]
[Round "7"]
[White "PetrolulSah"]
[Black "Lady_Nika"]
[Result "1-0"]
[WhiteElo "2236"]
[BlackElo "2370"]
[TimeControl "180+1"]
[EndTime "11:21:37 PST"]
[Termination "PetrolulSah won by checkmate"]

1. d4 d5 2. Nf3 e6 3. g3 Bd6 4.
Bg2 f5 5. O-O Nf6 6. Bf4 O-O 7.
c4 c6 8. Nbd2 Qe7 9. Bxd6 Qxd6 10.
c5 Qc7 11. Ne5 Nbd7 12. Ndf3 Nxe5 13. Nxe5 Nd7 14. Nxd7 Bxd7 15. f4 b6 16. b4 Rfb8 17. Rb1 bxc5 18. bxc5 Qa5 19. Qc2 Bc8 20. Rb3 Ba6 21.
Rfb1 Rb5 22. Rxb5 Bxb5 23. Qb2 Qa4 24. e3 a5 25. Qb3 Qxb3 26. Rxb3 Kf7 27. Bf1 Rb8 28. a4 Bxf1 29. Rxb8 Bc4 30. Ra8 Kg6 31. Rxa5 Kh5 32. h3 g5 33. Ra8 gxf4 34. exf4 Kg6 35. Kf2 Kf7 36. Ke3 Ke7 37. Ra7+ Kd8 38. Rxh7 Kc8 39.
Re7 Kb8 40. Rxe6 Ka7 41. Rf6 Ka6 42. Rxc6+ Ka5 43. Rf6 Kb4 44. Rxf5 Ka5 45. h4 Ba2 46.
h5 Bb1 47. g4 Kb4 48. h6 Kc3 49. a5 Kc2 50. a6 Kd1 51. a7 Bxf5 52. gxf5 Kc2 53.
f6 Kc3 54. f7 Kc4 55. h7 Kc3 56. f5 Kc4 57. f6 Kc3 58. h8=Q Kc4 59. f8=Q Kc3 60. a8=Q Kc4 61. f7 Kc3 62. c6 Kc2 63.
Qd6 Kc1 64. Qxd5 Kc2 65. f8=Q Kc1 66. c7 Kd1 67. Qdb7 Kc1 68. d5 Kd1 69. d6 Kc1 70.
d7 Kd1 71. d8=Q+ Ke1 72. Qde8 Kd1 73. c8=Q Ke1 74. Qbb8 Kd1 75. Qhh1# 1-0

[Event "*** Titled Tuesday Blitz"]
[Site "Chess.com"]
[Date "2020.11.10"]
[Round "7"]
[White "niki_2003"]
[Black "PawnEatingZombie"]
[Result "0-1"]
[WhiteElo "1960"]
[BlackElo "2169"]
[TimeControl "180+1"]
[EndTime "11:21:37 PST"]
[Termination "PawnEatingZombie won by checkmate"]

1. e4 c6 2. d4 d5 3. exd5 cxd5 4. c3 Nc6 5. Bd3 Qc7 6. Nf3 Bg4 7. O-O e6 8. Be3 Nf6 9. Nbd2 Bd6 10. h3 Bh5 11.
Qc2 O-O 12. Bg5 Bg6 13. Bxf6 gxf6 14. a3 Rac8 15. Rac1 e5 16. Bf5 Nxd4 17. Nxd4 exd4 18. Bxg6 hxg6 19. Qb3 Bf4 20. cxd4 Qxc1 21. Rxc1 Rxc1+ 22.
Nf1 Re8 23. g3 Bh6 24. Kg2 Re2 25. Nh2 f5 26. Qxd5 Rcc2 27. Qd8+ Kg7 28. g4 Rxf2+ 29. Kg3 Bf4+ 30. Kh4 Rxh2 31. Qd7 Rxh3+ 32. Kxh3 Rh2# 0-1

[Event "*** Titled Tuesday Blitz"]
[Site "Chess.com"]
[Date "2020.11.10"]
[Round "7"]
[White "Onischuk_V"]
[Black "MokshanovAlexey"]
[Result "1-0"]
[WhiteElo "2860"]
[BlackElo "2615"]
[TimeControl "180+1"]
[EndTime "11:21:40 PST"]
[Termination "Onischuk_V won on time"]

1. e4 e6 2. d4 d5 3. Bd3 Nf6 4. e5 Nfd7 5. f4 c5 6. c3 Nc6 7. Nf3 Qb6 8. Be2 f6 9. a3 Be7 10. b4 cxd4 11. cxd4 O-O 12. Bb2 g5 13. exf6 Nxf6 14.
Nxg5 h6 15. Nf3 Ne4 16. Nbd2 Rxf4 17. O-O Bd7 18. Nb3 Raf8 19. Rb1 Qd8 20. Nc5 b6 21. Nxd7 Qxd7 22. Bb5 Qd6 23. Rc1 Nd8 24. Ne5 Rxf1+ 25.
Bxf1 Bg5 26. Qg4 Rf4 27. Qh5 Rf6 28. Re1 Qf8 29. Bd3 Bd2 30. Qg4+ Kh8 31. Rxe4 dxe4 32.
Qxe4 Rf5 33. Ng6+ 1-0

[Event "*** Titled Tuesday Blitz"]
[Site "Chess.com"]
[Date "2020.11.10"]
[Round "7"]
[White "jacky72"]
[Black "Loy_Konstantin"]
[Result "1-0"]
[WhiteElo "2533"]
[BlackElo "2384"]
[TimeControl "180+1"]
[EndTime "11:21:40 PST"]
[Termination "jacky72 won on time"]

1. d4 Nf6 2. c4 c5 3. d5 b5 4. Qc2 bxc4 5. e4 d6 6. Bxc4 g6 7. Nc3 Bg7 8. Nf3 O-O 9. h3 Ba6 10. Qd3 Bxc4 11. Qxc4 Qb6 12. O-O Qb4 13. Qe2 Nbd7 14. Bg5 Rab8 15. Rab1 Rfe8 16. Rfd1 Nb6 17.
e5 dxe5 18. Nxe5 h6 19. Nc6 hxg5 20. Nxb4 cxb4 21. Ne4 Nbxd5 22. Nxg5 e6 23. Ne4 Nxe4 24. Qxe4 Rbc8 25. Qe2 Red8 26. Qa6 Rc7 27. Rbc1 Rdc8 28. Qxc8+ Rxc8 29. Rxc8+ Kh7 30. b3 Nc3 31. Rd2 Bh6 32.
Rc2 Nd5 33. Ra8 Kg7 34. Rxa7 Kf6 35. Rc4 Bd2 36. g3 Bc3 37. f4 Bd2 38. Rb7 Be3+ 39. Kg2 Bd2 40. Kf3 Bc3 41. g4 Kg7 42. Ke4 Kf6 43. f5 gxf5+ 44. gxf5 Bd2 45. fxe6 fxe6 46. Rc6 Nc3+ 47. Kd3 Bf4 48. Rxb4 Nd5 49. Re4 Be5 50.
a4 Nf4+ 51. Rxf4+ Bxf4 52. a5 1-0

[Event "*** Titled Tuesday Blitz"]
[Site "Chess.com"]
[Date "2020.11.10"]
[Round "7"]
[White "CraiggoryC"]
[Black "RaneshRatnesan"]
[Result "1-0"]
[WhiteElo "2210"]
[BlackElo "2079"]
[TimeControl "180+1"]
[EndTime "11:21:40 PST"]
[Termination "CraiggoryC won by checkmate"]

1. e4 c5 2. Nf3 d6 3. d4 cxd4 4. Nxd4 Nf6 5. Nc3 a6 6. Be3 e5 7. Nb3 Be7 8. f3 O-O 9. Qd2 Be6 10. O-O-O a5 11. a4 Nc6 12. Kb1 Nb4 13. g4 d5 14. g5 Nxe4 15. fxe4 d4 16. Nd5 dxe3 17. Nxe7+ Qxe7 18. Qxe3 Bxb3 19. cxb3 Rad8 20. Bc4 Rxd1+ 21.
Rxd1 Rd8 22. Rd2 g6 23. h4 Rd7 24. Qc3 Qd8 25. Rxd7 Qxd7 26. Qf3 Nc6 27. h5 Nd4 28. Qf6 Ne6 29. h6 Qd8 30. Qxe5 Qxg5 31. Qb8+ Qd8 32. Qxb7 Qg5 33. Bxe6 Qxh6 34. Qxf7+ Kh8 35. Qg8# 1-0

[Event "*** Titled Tuesday Blitz"]
[Site "Chess.com"]
[Date "2020.11.10"]
[Round "7"]
[White "Bigfish1995"]
[Black "Rud_Makarian"]
[Result "1-0"]
[WhiteElo "2977"]
[BlackElo "2818"]
[TimeControl "180+1"]
[EndTime "11:21:41 PST"]
[Termination "Bigfish1995 won by resignation"]

1. e4 e5 2. Nf3 Nc6 3. Bb5 Nf6 4. d3 Bc5 5. c3 O-O 6. O-O d6 7. Bg5 Bb6 8. Nbd2 h6 9. Bh4 g5 10. Bg3 Ne7 11. d4 exd4 12. Nxd4 Ng6 13. Kh1 Bd7 14.
Bd3 Re8 15. f4 Bg4 16. Qc2 gxf4 17. Bxf4 Nh5 18. Be3 Qh4 19. Bf2 Qd8 20. Nc4 Qg5 21. Be3 Qh4 22. Kg1 Ne5 23. Rae1 Re7 24.
Nxe5 Rxe5 25. Bc4 Re7 26. Rf2 Rf8 27. g3 Nxg3 28. hxg3 Qh5 29. Rh2 Qg6 30. Rxh6 Qxe4 31. Qh2 1-0